 Dungeon Crawl Stone Soup version 0.29.1-1-gd02db6906a (webtiles) character file.

Game seed: 966507099851631915

26 hawla the Stinger (level 2, 0/11 HPs)
             Began as a Felid Venom Mage on Sept 27, 2022.
             Slain by an adder (4 damage)
             ... on level 2 of the Dungeon.
             The game lasted 00:04:34 (1714 turns).

hawla the Stinger (Felid Venom Mage)                Turns: 1714, Time: 00:04:35

Health: 0/11       AC:  1    Str:  4    XL:     2   Next: 89%
Magic:  4/6        EV: 17    Int: 16    God:
Gold:   62         SH:  0    Dex: 16    Spells: 2/5 levels left
                                        Lives:  0   Deaths: 0

rFire   . . .      SeeInvis +   (weapon unavailable)
rCold   . . .      Faith    .   (shield unavailable)
rNeg    . . .      Spirit   .   (body armour unavailable)
rPois   .          Reflect  .   (helmet unavailable)
rElec   .          Harm     .   (cloak unavailable)
rCorr   .          Rampage  .   (gloves unavailable)
Will    +....                   (boots unavailable)
Stlth   ++........              h - amulet of regeneration
HPRegen 0.83/turn               b - ring of willpower
MPRegen 0.10/turn               (no ring)

@: lethally poisoned (0 -> 0), quick
A: very small, claws 1, fangs 3, see invisible, speed 1, shaggy fur 1, stealthy
paws, no weapons or thrown items, no armour, multi-lived
a: no special abilities


You were on level 2 of the Dungeon.
You visited 1 branch of the dungeon, and saw 2 of its levels.

You collected 62 gold pieces.

Inventory:

Jewellery
 b - a ring of willpower (left paw)
 h - an amulet of regeneration (around neck)
Scrolls
 c - 2 scrolls of identify {unknown}
 d - a scroll of immolation {unknown}
 f - a scroll of amnesia {unknown}
 g - a scroll of magic mapping {unknown}
 i - a scroll of vulnerability {unknown}
Potions
 a - a potion of magic
 e - a potion of curing {unknown}


   Skills:
 + Level 2.7 Dodging
 + Level 2.8 Stealth
 + Level 2.2 Spellcasting
 + Level 1.5 Transmutations
 + Level 0.2 Air Magic
 + Level 3.3 Poison Magic


You had 2 spell levels left.
You knew the following spells:

 Your Spells              Type           Power      Damage    Failure   Level
a - Sting                 Tmut/Pois      36%        1d4       8%          1
b - Poisonous Vapours     Pois/Air       14%        N/A       14%         2

Your spell library contained the following spells:

 Spells                   Type           Power      Damage    Failure   Level
 Mephitic Cloud           Conj/Pois/Air  5%         N/A       36%         3
 Olgreb's Toxic Radiance  Pois           12%        N/A       45%         4


Dungeon Overview and Level Annotations

Branches:
Dungeon (2/15)

Altars:

Shops:
D:1 !


Innate Abilities, Weirdness & Mutations

You have sharp claws.
You have razor-sharp teeth.
You have supernaturally acute eyesight. (SInv)
You cover ground quickly. (Speed+)
You are covered in fur. (AC +1)
Your paws help you pounce on unaware monsters.
You are incapable of wielding weapons or throwing items.
You cannot wear armour.
You gain extra lives every three experience levels.


Message History

Aiming: Sting (safe; 8% risk of failure)
Press: ? - help, Shift-Dir - straight line, f/p - adder
Aim: an adder (severely wounded, 48% to hit)
You miscast Sting.
You are very lightly contaminated with residual magic.
Nothing appears to happen.
The adder barely misses you. The adder bites you.
You closely miss the adder. Your bite misses the adder.
The adder is severely wounded.
The adder misses you.
You barely miss the adder. Your bite misses the adder.
The adder is severely wounded.
The adder completely misses you.
You closely miss the adder.
The adder is severely wounded.
The worm looks more healthy.
The adder closely misses you. The adder misses you.
You scratch the adder. You bite the adder, but do no damage.
The adder is severely wounded.
The adder closely misses you.
You barely miss the adder.
The adder is severely wounded.
The adder misses you. The adder attacks as you move away!
The adder closely misses you.
Your magical contamination has completely faded away.
The adder attacks as you move away! The adder bites you.
You are poisoned.
The adder poisons you!
You feel sick. The adder attacks as you move away!
The adder completely misses you.
You feel sick. The adder misses you. The adder attacks as you move away!
The adder misses you.
You feel sick. The adder attacks as you move away! The adder misses you.
You feel sick. Magic courses through your body.
You feel sick. The adder closely misses you.
Casting: Sting (safe; 8% risk of failure)
Confirm with . or Enter, or press ? or * to list all spells.
Aiming: Poisonous Vapours (safe; 14% risk of failure)
Press: ? - help, Dir - move target, f/p - adder
Aim: an adder (severely wounded) Poisonous vapours surround the adder!
The adder is poisoned.
You feel sick. The adder bites you.
You die...

# ######## #.
#......##### #..
#..........#
#...###..........#####
#....@S..........'....
#................#.#.#
#....#...w.......#.#.#
#....#...........#.#.#
+....#...........#.#.#
#....#.######....#.#.#
##+#...# ##....#.#.#
..... #.......#.# ...
#.......#.#


You could see a worm and an adder (poisoned).

Vanquished Creatures
  A dart slug (D:1)
  2 endoplasms (D:1)
  3 giant cockroaches
  A goblin (D:1)
  A hobgoblin (D:2)
  5 quokkas
  A ball python (D:1)
  A bat (D:1)
  A frilled lizard (D:1)
  4 kobolds (D:1)
  2 rats
22 creatures vanquished.

Notes
Turn   | Place    | Note
-------+----------+-------------------------------------------
     0 | D:1      | hawla the Felid Venom Mage began the quest for the Orb.
     0 | D:1      | Reached XP level 1. HP: 7/7 MP: 4/4
   417 | D:1      | Reached skill level 3 in Poison Magic
   417 | D:1      | Reached XP level 2. HP: 10/11 MP: 4/6
   420 | D:1      | Learned a level 2 spell: Poisonous Vapours
   863 | D:1      | Found Ygeqab's Distillery.
  1714 | D:2      | Slain by an adder

Illustrated notes

Levels and vault maps discovered:
D:1:      amcnicky_arrival_abandoned_market, layout_loops_corners, serial_shops,
          nicolae_shop_behind_doors, nrook_campfire, minmay_cut_off
D:2:      layout_basic, ebering_ecumenical_altar_hall, basic_altar

Skill      XL: |  1 |
---------------+----+-----
Poison Magic   | 3 |  3.3
Dodging        | |  2.7
Stealth        | |  2.8
Spellcasting   | |  2.2
Transmutations | |  1.5
Air Magic      | |  0.2

Action                   || total
-------------------------++-------
Melee: Unarmed           ||    32
       Bite              ||     2
 Cast: Sting             ||    25
       Poisonous Vapours ||    16
  Use: Potion            ||     1
 Stab: Sleeping          ||     2
Dodge: Dodged            ||    34
